 Dungeon Crawl Stone Soup version 0.31.0-11-ge490571c62 (webtiles) character file.

Game seed: 4291458344037176298

212 qw the Skirmisher (level 5, 0/30 HPs)
             Began as a Deep Elf Hunter on Feb 3, 2024.
             Was an Initiate of Okawaru.
             Slain by Pikel
             ... wielding a +2 whip of freezing
              (4 damage)
             ... on level 4 of the Dungeon.
             The game lasted 00:00:12 (2867 turns).

qw the Skirmisher (Deep Elf Hunter)                 Turns: 2867, Time: 00:00:13

Health: 0/30       AC: 10    Str: 10    XL:     5   Next: 58%
Magic:  7/7        EV: 11    Int: 14    God:    Okawaru [......]
Gold:   115        SH:  0    Dex: 18    Spells: 4/4 levels left

rFire   . . .        a - +0 shortbow
rCold   . . .        (shield currently unavailable)
rNeg    . . .        i - +0 ring mail
rPois   .            (no helmet)
rElec   .            (no cloak)
rCorr   .            (no gloves)
SInv    .            j - +0 pair of boots {Fly}
Will    .....        (no amulet)
Stlth   +            m - +4 ring of protection
HPRegen 0.25/turn    (no ring)
MPRegen 0.10/turn

%: no passive effects
@: flying
A: no striking features
a: Renounce Religion


You were on level 4 of the Dungeon.
You worshipped Okawaru.
Okawaru was noncommittal.
You visited 2 branches of the dungeon, and saw 5 of its levels.

You collected 115 gold pieces.


   Skills:
 + Level 1.8 Fighting
 - Level 9.0 Ranged Weapons
 - Level 2.4 Dodging
 - Level 1.2 Stealth


You had 4 spell levels left.
You didn't know any spells.
Your spell library was empty.

Inventory:

Hand Weapons
 a - a +0 shortbow (weapon)
Armour
 i - a +0 ring mail (worn)
 j - a +0 pair of boots of flying (worn)
Jewellery
 b - a ring of ice
 m - a +4 ring of protection (left hand)
Scrolls
 c - a scroll of vulnerability {unknown}
Potions
 e - a potion of curing
 k - a potion of berserk rage {unknown}
 l - a potion of brilliance {unknown}
 n - a potion of haste {unknown}

Dungeon Overview and Level Annotations

Branches:
Dungeon (4/15)             Temple (1/1) D:4

Altars:
Cheibriados
Dithmenos
Fedhas
Gozag
Hepliaklqana
Kikubaaqudgha
Makhleb
Nemelex Xobeh
Okawaru
Qazlal
Ru
Sif Muna
Vehumet
Xom
The Shining One

Shops:
D:3 =

Annotations:
D:4 Pikel


Message History

Pikel hits you but does no damage.
You shoot an arrow. The arrow misses Pikel.
Pikel hits you but does no damage.
You shoot an arrow. The arrow hits Pikel.
Pikel is heavily wounded.
Pikel hits you with a +2 whip of freezing.
Pikel freezes you.
You shoot an arrow. The arrow hits Pikel.
Pikel is heavily wounded.
Pikel hits you with a +2 whip of freezing!
Pikel freezes you.
You shoot an arrow.
The arrow hits Pikel but does no damage.
Pikel is heavily wounded.
Pikel hits you with a +2 whip of freezing.
Pikel freezes you.
You shoot an arrow. The arrow hits Pikel.
Pikel is severely wounded.
Pikel hits you with a +2 whip of freezing.
Pikel freezes you.
You shoot an arrow.
The arrow hits Pikel but does no damage.
Pikel is severely wounded.
Pikel barely misses you.
You shoot an arrow. The arrow closely misses Pikel.
Pikel closely misses you.
You shoot an arrow. The arrow barely misses Pikel.
Pikel hits you but does no damage.
You shoot an arrow. The arrow hits Pikel.
Pikel is almost dead.
Pikel misses you.
You shoot an arrow. The arrow closely misses Pikel.
Pikel hits you but does no damage.
Pikel hits you with a +2 whip of freezing.
Pikel freezes you.
You shoot an arrow. The arrow hits Pikel.
Pikel is almost dead.
Pikel hits you with a +2 whip of freezing.
You die...
Pikel says, "Another soul for the market."

### #.. #># #.# #.#
####### #.# ...... . #@#
#...# . #########K######.
#.}.# .
#...............[###...###
#.#######.###.##K.........
#.# #... ....}..>..}[ #.#
#.### ............ #.# ...
...###...### #.# ## ... .
#.}.#.. #.# #.. ....
...#...#..


You could see Pikel.

Vanquished Creatures
  4 lemures (D:4)
  2 hounds (D:3)
  An iguana (D:4)
  A gnoll (D:2)
  5 adders
  6 dart slugs
  An orc (D:3)
  4 bats
  6 endoplasms
  4 giant cockroaches
  6 goblins
  6 hobgoblins
  3 jackals (D:1)
  3 quokkas
  3 ball pythons
  2 frilled lizards
  4 kobolds
  5 rats
66 creatures vanquished.

Notes
Turn   | Place    | Note
-------+----------+-------------------------------------------
     0 | D:1      | qw the Deep Elf Hunter began the quest for the Orb.
     0 | D:1      | Reached XP level 1. HP: 12/12 MP: 3/3
     0 | D:1      | 0 ||| qw: Version: 0.3-a-157-g843a77d
     0 | D:1      | 0 ||| qw: Game counter: 3695
     0 | D:1      | 0 ||| qw: Melee chars always use a shield: true
     0 | D:1      | 0 ||| qw: God list: Okawaru
     0 | D:1      | 0 ||| qw: Allow faded altars: false
     0 | D:1      | 0 ||| qw: Do Orc after clearing Dungeon:15 true
     0 | D:1      | 0 ||| qw: Do second Lair branch before Depths: true
     0 | D:1      | 0 ||| qw: Lair rune preference: random
     0 | D:1      | 0 ||| qw: Goals: Normal
     0 | D:1      | 0 ||| PLANNING D:1-11
   159 | D:1      | Reached skill level 6 in Ranged Weapons
   159 | D:1      | Reached XP level 2. HP: 16/16 MP: 4/4
   805 | D:1      | Reached XP level 3. HP: 20/20 MP: 5/5
   856 | D:1      | 856 ||| READING scroll labelled EZYURO YNUFOW.
   957 | D:1      | 957 ||| READING 3 scrolls labelled QYUKUYWK XINIH.
   957 | D:1      | 957 ||| IDENTIFYING pink potion
   958 | D:1      | 958 ||| READING 2 scrolls of identify.
   958 | D:1      | 958 ||| IDENTIFYING fuming brown potion
   959 | D:1      | 959 ||| READING scroll of identify.
   959 | D:1      | 959 ||| IDENTIFYING inky potion
   960 | D:1      | 960 ||| DROPPING scroll of butterflies.
   961 | D:1      | 961 ||| DROPPING potion of ambrosia.
  1026 | D:2      | Found a burning altar of Makhleb.
  1217 | D:2      | 1217 ||| FLEEEEING.
  1218 | D:2      | 1218 ||| FLEEEEING.
  1219 | D:2      | 1219 ||| FLEEEEING.
  1220 | D:2      | 1220 ||| FLEEEEING.
  1221 | D:2      | 1221 ||| FLEEEEING.
  1222 | D:2      | 1222 ||| FLEEEEING.
  1223 | D:2      | 1223 ||| FLEEEEING.
  1224 | D:2      | 1224 ||| FLEEEEING.
  1225 | D:2      | 1225 ||| FLEEEEING.
  1230 | D:2      | Reached skill level 7 in Ranged Weapons
  1263 | D:2      | HP: 4/20 [gnoll/+0 halberd (16)]
  1264 | D:2      | 1264 ||| DRINKING 2 potions of heal wounds.
  1516 | D:2      | 1516 ||| UPGRADING to +0 ring mail.
  1526 | D:2      | 1526 ||| DROPPING +0 leather armour.
  1527 | D:2      | 1527 ||| UPGRADING to +0 pair of boots of flying.
  1532 | D:2      | 1532 ||| UPGRADING to +4 ring of protection.
  1533 | D:2      | 1533 ||| READING scroll of identify.
  1533 | D:2      | 1533 ||| IDENTIFYING scroll labelled JAES LOTSAOBLED
  1534 | D:2      | 1534 ||| READING scroll labelled ZUNOIP MAARIC.
  1535 | D:2      | 1535 ||| READING scroll labelled QALOUX WADAOPLU.
  1536 | D:2      | 1536 ||| DROPPING scroll of noise.
  1650 | D:3      | Reached XP level 4. HP: 25/25 MP: 6/6
  1655 | D:3      | Found a sparkling altar of Nemelex Xobeh.
  1757 | D:3      | Reached skill level 8 in Ranged Weapons
  1776 | D:3      | Found Imuiluh's Jewellery Shop.
  1783 | D:3      | 1783 ||| SHOPLISTING amulet of guardian spirit (300 gold,
                  | have 79).
  1783 | D:3      | 1783 ||| SHOPLISTING amulet of the acrobat (300 gold, have
                  | 79).
  1783 | D:3      | 1783 ||| SHOPLISTING ring of Vausuxoz {rC+ rCorr EV+5 Int+3
                  | Dex+3} (682 gold, have 79).
  1783 | D:3      | 1783 ||| SHOPLISTING ring of poison resistance (200 gold,
                  | have 79).
  1783 | D:3      | 1783 ||| SHOPLISTING ring of protection from cold (250
                  | gold, have 79).
  1783 | D:3      | 1783 ||| SHOPLISTING ring of protection from fire (250
                  | gold, have 79).
  1783 | D:3      | 1783 ||| SHOPLISTING ring of see invisible (150 gold, have
                  | 79).
  2003 | D:3      | Reached XP level 5. HP: 16/29 MP: 7/7
  2270 | D:3      | 2270 ||| READING scroll of identify.
  2270 | D:3      | 2270 ||| IDENTIFYING black potion
  2271 | D:3      | 2271 ||| READING scroll labelled DOILAIH GYMEZ.
  2272 | D:3      | 2272 ||| DROPPING potion of degeneration.
  2482 | D:4      | Reached skill level 9 in Ranged Weapons
  2574 | D:4      | Found a staircase to the Ecumenical Temple.
  2575 | D:4      | 2575 ||| PLANNING TEMPLE
  2581 | Temple   | Entered the Ecumenical Temple
  2582 | Temple   | 2582 ||| PLANNING OKAWARU WORSHIP
  2600 | Temple   | Became a worshipper of Warmaster Okawaru
  2601 | Temple   | 2601 ||| PLANNING D:1-11
  2732 | D:4      | Noticed a lemure
  2732 | D:4      | Noticed a lemure
  2732 | D:4      | Noticed a lemure
  2733 | D:4      | 2733 ||| RETREEEEATING.
  2734 | D:4      | 2734 ||| RETREEEEATING.
  2736 | D:4      | 2736 ||| RETREEEEATING.
  2737 | D:4      | 2737 ||| ZAPPING wand of paralysis (11) at -3,-5 (lemure;
                  | floor).
  2738 | D:4      | 2738 ||| ZAPPING wand of paralysis (10) at -2,-3 (lemure;
                  | floor).
  2739 | D:4      | 2739 ||| ZAPPING wand of paralysis (9) at -3,-3 (lemure;
                  | floor).
  2745 | D:4      | 2745 ||| ZAPPING wand of paralysis (8) at -2,-2 (lemure;
                  | floor).
  2754 | D:4      | Killed a lemure
  2755 | D:4      | 2755 ||| ZAPPING wand of paralysis (7) at -2,-2 (lemure;
                  | floor).
  2756 | D:4      | 2756 ||| ZAPPING wand of paralysis (6) at -1,-1 (lemure;
                  | floor).
  2768 | D:4      | Killed a lemure
  2810 | D:4      | Noticed a lemure
  2811 | D:4      | 2811 ||| ZAPPING wand of paralysis (5) at 7,2 (lemure;
                  | floor).
  2812 | D:4      | 2812 ||| ZAPPING wand of paralysis (4) at 6,1 (lemure;
                  | floor).
  2818 | D:4      | Killed a lemure
  2819 | D:4      | 2819 ||| ZAPPING wand of paralysis (3) at 4,2 (lemure;
                  | floor).
  2820 | D:4      | 2820 ||| ZAPPING wand of paralysis (2) at 3,1 (lemure;
                  | floor).
  2821 | D:4      | 2821 ||| ZAPPING wand of paralysis (1) at 2,1 (lemure;
                  | floor).
  2825 | D:4      | Noticed Pikel
  2826 | D:4      | 2826 ||| RETREEEEATING.
  2838 | D:4      | Killed a lemure
  2845 | D:4      | HP: 5/30 [Pikel/+2 whip of freezing (3)]
  2846 | D:4      | 2846 ||| DRINKING 2 potions of heal wounds.
  2854 | D:4      | HP: 5/30 [Pikel/+2 whip of freezing (3)]
  2854 | D:4      | HP: 2/30 [Pikel/+2 whip of freezing (1)]
  2855 | D:4      | 2855 ||| DRINKING potion of heal wounds.
  2866 | D:4      | HP: 5/30 [Pikel/+2 whip of freezing (4)]
  2867 | D:4      | Slain by Pikel

Levels and vault maps discovered:
D:1:      minmay_arrival_split_and_join, layout_basic,
          amcnicky_mini_rare_corridor_liquid
D:2:      layout_rooms, basic_altar, minmay_misc_feat_hallway, st_stairs_9
D:3:      layout_loops_ring, mainiacjoe_overflow_six_doors_small, serial_shops,
          nicolae_shop_gaudy_bauble
D:4:      layout_loops_ring, minmay_temple_entry_junction_2, uniq_pikel,
          uniq_edmund
Temple:   nicolae_temple_god_jail

Skill      XL: |  1  2  3  4  5 |
---------------+----------------+-----
Ranged Weapons | 6 7 8 9 |  9.0
Fighting       | |  1.8
Dodging        | |  2.4
Stealth        | |  1.2

Action                     |  1- 3 |  4- 6 || total
---------------------------+-------+-------++-------
   Fire: Shortbow          |   105 |   179 ||   284
  Evoke: Wand              |       |    11 ||    11
    Use: Scroll            |     7 |     2 ||     9
         Potion            |     1 |     2 ||     3
 Armour: Leather armour    |    15 |       ||    15
         Ring mail         |     6 |    90 ||    96
  Dodge: Dodged            |    23 |    67 ||    90

Table legend:
 A = Non-vault XP
 B = Vault XP
 C = Vault XP percentage of total XP
 D = Non-vault monster count
 E = Vault monster count
 F = Vault count percentage of total count
                 A         B        C        D         E       F
            +---------+---------+-------+---------+---------+-------
      Total |     285 |      19 |   6.2 |      59 |       3 |   4.8
            +---------+---------+-------+---------+---------+-------
        D:1 |      41 |       0 |   0.0 |      19 |       0 |   0.0
        D:2 |      32 |      19 |  37.3 |      10 |       3 |  23.1
        D:3 |     139 |       0 |   0.0 |      20 |       0 |   0.0
        D:4 |      73 |       0 |   0.0 |      10 |       0 |   0.0
            +---------+---------+-------+---------+---------+-------
